 Dungeon Crawl Stone Soup version 0.29.0-4-gdea44cf6ec (webtiles) character file.

Game seed: 4288480773627616932

466 qw the Cleaver (level 6, -1/52 HPs)
             Began as a Minotaur Fighter on Sept 7, 2022.
             Killed by divine providence
             ... invoked by an orc priest
              (11 damage)
             ... on level 4 of the Dungeon.
             The game lasted 00:01:30 (3085 turns).

qw the Cleaver (Minotaur Fighter)                   Turns: 3085, Time: 00:01:31

Health: -1/52      AC: 12    Str: 23    XL:     6   Next: 81%
Magic:  5/5        EV:  6    Int:  5    God:
Gold:   108        SH:  4    Dex:  9    Spells: 5/5 levels left

rFire   . . .      SeeInvis .   Y - +1 war axe
rCold   . . .      Faith    .   c - +0 buckler
rNeg    . . .      Spirit   .   m - +0 plate armour
rPois   .          Reflect  .   (helmet restricted)
rElec   .          Harm     .   (no cloak)
rCorr   .          Rampage  .   k - +0 pair of gloves
Will    .....                   (no boots)
Stlth   ..........              (no amulet)
HPRegen 0.17/turn               (no ring)
MPRegen 0.09/turn               (no ring)

@: no status effects
A: horns 2, retaliatory headbutt
a: no special abilities


You were on level 4 of the Dungeon.
You visited 1 branch of the dungeon, and saw 4 of its levels.

You collected 186 gold pieces.
You spent 78 gold pieces at shops.


Innate Abilities, Weirdness & Mutations

You have a pair of horns on your head.
You reflexively headbutt those who attack you in melee.


   Skills:
 - Level 4.1 Fighting
 + Level 8.4 Axes
 - Level 3.6 Armour
 - Level 1.5 Dodging
 - Level 3.6 Shields


You had 5 spell levels left.
You didn't know any spells.
Your spell library was empty.

Inventory:

Hand Weapons
 i - a +0 flail
 Y - a +1 war axe (weapon)
Missiles
 f - a boomerang (quivered)
Armour
 c - a +0 buckler (worn)
 k - a +0 pair of gloves (worn)
 m - a +0 plate armour (worn)
Jewellery
 l - a ring of ice
Scrolls
 b - 3 scrolls of identify
Potions
 d - a potion of might
 e - a potion of cancellation
 h - a potion of resistance

Dungeon Overview and Level Annotations

Branches:
Dungeon (4/15)
 Temple: D:4-7

Altars:
Gozag
Trog
Vehumet
Zin

Shops:
D:2 ?

Annotations:
D:4 Pikel, Sigmund


Message History

You completely miss the shadow imp.
The shadow imp is moderately wounded.
You slash the lemure! You closely miss something. You hit the orc priest.
You slash Pikel! You hit the lemure. You miss the ufetubus.
Your surroundings suddenly seem different.
Found 16 gold pieces.
You swing at nothing.
An adder comes into view.
The orc shouts!
You miss the adder.
The jelly quivers.
The adder bites you but does no damage. x2
You slice the adder!!
You kill the adder!
The lemure shouts!
The orc barely misses you.
You closely miss the lemure. You headbutt the lemure!
The lemure is heavily wounded.
You slash the orc!
You kill the orc!
The lemure hits you but does no damage.
The orc priest miscasts a cantrip.
You slash the lemure!
You kill the lemure!
That felt strangely unrewarding.
You barely miss the lemure. The lemure hits you. The lemure barely misses you.
The shadow imp hits you but does no damage.
The orc priest calls down the wrath of Beogh upon you.
Beogh smites you!
The ufetubus hits you but does no damage. x2
You hear a shout!
You hit the shadow imp. You headbutt the shadow imp.
The shadow imp is almost dead.
You miss the ufetubus. You barely miss something.
You hit the lemure but do no damage.
The ufetubus hits you but does no damage. x2
A hobgoblin comes into view.
The orc priest mumbles some strange prayers to Beogh against you.
Beogh smites you!
You die...

... ##.# ..###.. # #
..##.#
###.#.#..#.####
#.....#.......# .
.....$........##.g
..................
...........%......
..........@5o......
..........55.....$ .
..........o5.....#. .
.......>...5..#..> ..
............J##.##.#.
#.........<.#........
##..........K....~~.
.........).)..P~~.
..........)5J.....


You could see Pikel, 3 lemures, a jelly, an orc priest, a shadow imp, an orc, an
ufetubus and a hobgoblin.

Vanquished Creatures
  A lemure (D:4)
  2 orc priests (D:4)
  Jessica (D:2)
  Ijyb (D:3)
  Terence (D:3)
  Natasha (thrice) (D:3)
  2 orc wizards (D:3)
  Robin (D:3)
  7 adders
  A white imp (D:4)
  2 worms (D:2)
  2 dart slugs (D:1)
  11 orcs
  2 ball pythons
  7 endoplasms
  2 giant cockroaches
  9 goblins
  8 hobgoblins
  2 jackals (D:1)
  6 kobolds
  3 quokkas
  7 bats (D:1)
  5 frilled lizards
  11 rats
97 creatures vanquished.

Vanquished Creatures (others)
  An orc wizard (D:4)
  A demonic plant (D:4)
2 creatures vanquished.

Grand Total: 99 creatures vanquished

Notes
Turn   | Place    | Note
-------+----------+-------------------------------------------
     0 | D:1      | qw the Minotaur Fighter began the quest for the Orb.
     0 | D:1      | Reached XP level 1. HP: 19/19 MP: 0/0
     0 | D:1      | 0 ||| qw: Version: 0.1-a-108-g9e35731
     0 | D:1      | 0 ||| qw: Game counter: 6521
     0 | D:1      | 0 ||| qw: Always use a shield: true
     0 | D:1      | 0 ||| qw: God list: Ru
     0 | D:1      | 0 ||| qw: Allow faded altars: false
     0 | D:1      | 0 ||| qw: Do Orc after D:15 true
     0 | D:1      | 0 ||| qw: Do second Lair branch before Depths: true
     0 | D:1      | 0 ||| qw: Lair rune preference: random
     0 | D:1      | 0 ||| qw: Plans: Normal
     0 | D:1      | 0 ||| PLANNING D:1-11
    91 | D:1      | Found a faded altar of an unknown god.
   127 | D:1      | 127 ||| Stepping ~*~*~tactically~*~*~ (stealth).
   131 | D:1      | Reached skill level 3 in Axes
   138 | D:1      | Reached XP level 2. HP: 25/26 MP: 1/1
   336 | D:1      | Reached skill level 4 in Axes
   496 | D:1      | Reached XP level 3. HP: 31/31 MP: 2/2
   741 | D:1      | 741 ||| UPGRADING to +0 chain mail.
   751 | D:1      | 751 ||| DROPPING +0 scale mail.
   752 | D:1      | 752 ||| UPGRADING to +0 pair of gloves.
   757 | D:1      | 757 ||| UPGRADING to +0 plate armour.
   767 | D:1      | 767 ||| DROPPING +0 chain mail.
   768 | D:1      | 768 ||| READING scroll labelled TYEHEUNAYMM.
   769 | D:1      | 769 ||| READING scroll labelled GYRUHU PORUPLO.
   770 | D:1      | 770 ||| READING scroll labelled BYXEEG LUNK.
   921 | D:2      | Reached skill level 5 in Axes
   931 | D:2      | Found Sanate's Magic Scroll Shoppe.
  1085 | D:2      | 1085 ||| BUYING 2 scrolls of identify (52 gold).
  1085 | D:2      | Bought 2 scrolls of identify for 52 gold pieces
  1085 | D:2      | 1085 ||| SHOPLISTING 3 scrolls of identify (78 gold, have
                  | 35).
  1085 | D:2      | 1085 ||| SHOPLISTING scroll of enchant armour (97 gold,
                  | have 35).
  1085 | D:2      | 1085 ||| BUYING scroll of identify (26 gold).
  1085 | D:2      | Bought a scroll of identify for 26 gold pieces
  1085 | D:2      | 1085 ||| SHOPLISTING scroll of identify (26 gold, have 9).
  1116 | D:2      | Noticed Jessica
  1119 | D:2      | Killed Jessica
  1120 | D:2      | Reached XP level 4. HP: 25/39 MP: 3/3
  1244 | D:2      | 1244 ||| Stepping ~*~*~tactically~*~*~ (stealth).
  1456 | D:2      | 1456 ||| DROPPING +0 club.
  1581 | D:2      | 1581 ||| READING 2 scrolls labelled WABLAT EKUO.
  1582 | D:2      | 1582 ||| READING scroll labelled FEECEA BYDE.
  1716 | D:2      | 1716 ||| READING scroll labelled SEOREA HIOXKO.
  1717 | D:2      | 1717 ||| READING scroll labelled XULEHE HYWI.
  1718 | D:2      | 1718 ||| DRINKING 2 cyan potions.
  1719 | D:2      | 1719 ||| READING 5 scrolls of identify.
  1719 | D:2      | 1719 ||| IDENTIFYING white potion
  1720 | D:2      | 1720 ||| READING 4 scrolls of identify.
  1720 | D:2      | 1720 ||| IDENTIFYING dark potion
  1721 | D:2      | 1721 ||| READING 3 scrolls of identify.
  1721 | D:2      | 1721 ||| IDENTIFYING sedimented purple potion
  1722 | D:2      | 1722 ||| DROPPING scroll of noise.
  1734 | D:3      | Noticed Ijyb
  1735 | D:3      | 1735 ||| Stepping ~*~*~tactically~*~*~ (hiding).
  1746 | D:3      | Reached skill level 6 in Axes
  1747 | D:3      | Killed Ijyb
  1748 | D:3      | Reached skill level 1 in Dodging
  1786 | D:3      | 1786 ||| Stepping ~*~*~tactically~*~*~ (stealth).
  1808 | D:3      | 1808 ||| Stepping ~*~*~tactically~*~*~ (stealth).
  1812 | D:3      | 1812 ||| Stepping ~*~*~tactically~*~*~ (hiding).
  1813 | D:3      | 1813 ||| Stepping ~*~*~tactically~*~*~ (hiding).
  1815 | D:3      | 1815 ||| Stepping ~*~*~tactically~*~*~ (hiding).
  1819 | D:3      | Reached XP level 5. HP: 30/45 MP: 4/4
  1822 | D:3      | 1822 ||| DRINKING potion of curing.
  1822 | D:3      | 1822 ||| (to cure confusion)
  1949 | D:3      | Noticed Natasha
  1950 | D:3      | 1950 ||| Stepping ~*~*~tactically~*~*~ (hiding).
  1960 | D:3      | Killed Natasha
  1970 | D:3      | Found a radiant altar of Vehumet.
  1973 | D:3      | Found a glowing silver altar of Zin.
  1992 | D:3      | Noticed Terence
  2000 | D:3      | Killed Terence
  2001 | D:3      | Reached skill level 7 in Axes
  2203 | D:3      | 2203 ||| Stepping ~*~*~tactically~*~*~ (hiding).
  2271 | D:3      | 2271 ||| DROPPING +2 whip of draining.
  2279 | D:3      | 2279 ||| Stepping ~*~*~tactically~*~*~ (stealth).
  2310 | D:3      | 2310 ||| Stepping ~*~*~tactically~*~*~ (stealth).
  2311 | D:3      | 2311 ||| Stepping ~*~*~tactically~*~*~ (stealth).
  2323 | D:3      | Reached XP level 6. HP: 52/52 MP: 5/5
  2362 | D:3      | Noticed Robin
  2366 | D:3      | Killed Robin
  2395 | D:3      | Found a bloodstained altar of Trog.
  2441 | D:3      | Noticed Natasha
  2450 | D:3      | Killed Natasha
  2504 | D:3      | Noticed Natasha
  2506 | D:3      | 2506 ||| Stepping ~*~*~tactically~*~*~ (hiding).
  2513 | D:3      | Killed Natasha
  2944 | D:3      | Found an opulent altar of Gozag.
  2996 | D:3      | 2996 ||| READING 2 scrolls labelled PEQEKU OPHI.
  2999 | D:3      | 2999 ||| DRINKING 3 clear potions.
  3000 | D:3      | 3000 ||| DROPPING 2 potions of attraction.
  3062 | D:4      | Noticed Sigmund
  3067 | D:4      | Noticed Pikel
  3071 | D:4      | Reached skill level 8 in Axes
  3071 | D:4      | HP: 12/52 [orc priest/+0 dagger (2)]
  3072 | D:4      | 3072 ||| READING scroll of teleportation.
  3073 | D:4      | 3073 ||| DRINKING potion of heal wounds.
  3084 | D:4      | HP: 10/52 [orc priest/divine providence (14)]
  3085 | D:4      | Killed from afar by an orc priest

Levels and vault maps discovered:
D:1:      minmay_arrival_widening_spiral_wide, layout_loops_ring,
          ebering_ecumenical_altar_rust
D:2:      layout_rooms, serial_shops, nicolae_shop_statue_plus, uniq_jessica
D:3:      layout_loops_corners, nicolae_gozag_seed_capital,
          nicolae_overflow_squiral, mainiacjoe_overflow_alcove_2,
          minmay_misc_feat_four_crosses, uniq_terence, uniq_robin, uniq_ijyb,
          uniq_natasha
D:4:      layout_rooms, serial_demonic, serial_demonic_g, serial_demonic_e,
          serial_demonic_g, serial_demonic_d, uniq_pikel, uniq_duvessa,
          uniq_sigmund

Skill      XL: |  1  2  3  4  5  6 |
---------------+-------------------+-----
Axes           | 3 4 5 6 7 8 |  8.4
Dodging        | 1 |  1.5
Fighting       | 4 |  4.1
Armour         | |  3.6
Shields        | |  3.6

Action                   |  1- 3 |  4- 6 || total
-------------------------+-------+-------++-------
Melee: War axe           |    97 |   118 ||   215
       Headbutt          |     7 |    14 ||    21
Throw: Boomerang         |       |    23 ||    23
  Use: Scroll            |     3 |     9 ||    12
       Potion            |       |     4 ||     4
Armor: Scale mail        |    30 |       ||    30
       Plate armour      |    12 |    87 ||    99
Dodge: Dodged            |    43 |    22 ||    65
Block: Buckler           |    17 |    15 ||    32

Table legend:
 A = Non-vault XP
 B = Vault XP
 C = Vault XP percentage of total XP
 D = Non-vault monster count
 E = Vault monster count
 F = Vault count percentage of total count
                 A         B        C        D         E       F
            +---------+---------+-------+---------+---------+-------
      Total |     476 |     191 |  28.6 |      81 |      16 |  16.5
            +---------+---------+-------+---------+---------+-------
        D:1 |      52 |       0 |   0.0 |      31 |       0 |   0.0
        D:2 |      52 |      37 |  41.6 |      14 |       1 |   6.7
        D:3 |     233 |     143 |  38.0 |      28 |      14 |  33.3
        D:4 |     139 |      11 |   7.3 |       8 |       1 |  11.1
            +---------+---------+-------+---------+---------+-------
